 Dungeon Crawl Stone Soup version 0.28.0-53-g5a82cb258f (webtiles) character file.

Game seed: 4020516020810075542

468 VictoriousLee the Geomancer (level 7, -8/46 HPs)
             Began as a Formicid Earth Elementalist on June 24, 2022.
             Was an Initiate of Gozag.
             Mangled by Pikel
             ... wielding a +2 whip of flaming
              (12 damage)
             ... on level 4 of the Dungeon on June 25, 2022.
             The game lasted 00:30:47 (5174 turns).

VictoriousLee the Geomancer (FoEE)                  Turns: 5174, Time: 00:30:47

Health: -8/46      AC:  2    Str: 12    XL:     7   Next: 30%
Magic:  5/10       EV: 12    Int: 17    God:    Gozag
Gold:   153        SH:  0    Dex: 11    Spells: 4/10 levels left

rFire   + . .      SeeInvis +   a - +1 whip (venom)
rCold   . . .      Faith    .   (no shield)
rNeg    . . .      Spirit   .   b - +0 robe
rPois   +          Reflect  .   (helmet unavailable)
rElec   .          Harm     .   (no cloak)
rCorr   .          Rampage  .   (no gloves)
Will    .....                   (no boots)
Stlth   ++........              (no amulet)
HPRegen 0.15/turn               (no ring)
MPRegen 0.12/turn               (no ring)

@: mighty
A: permanent stasis, dig shafts and tunnels, antennae 3, four strong arms, fire
resistance 1, poison resistance
a: Dig, Shaft Self, Renounce Religion, Potion Petition, Call Merchant, Bribe
Branch


You were on level 4 of the Dungeon.
You worshipped Gozag.
Gozag was aware of your devotion.
You visited 1 branch of the dungeon, and saw 4 of its levels.

You collected 214 gold pieces.
You paid 61 gold pieces to Gozag.

Inventory:

Hand Weapons
 a - a +1 whip of venom (weapon)
Missiles
 c - 45 stones
 f - 66 arrows
 g - 21 bolts
 j - 15 poisoned darts
Armour
 b - a +0 robe (worn)
 i - an orb of light
Jewellery
 l - a ring of flight
Scrolls
 d - 5 scrolls of identify {unknown}
 k - a scroll of immolation {unknown}
 n - a scroll of fog {unknown}
 o - a scroll of enchant weapon {unknown}
 q - a scroll of blinking {unknown}
 r - a scroll of enchant armour {unknown}
Potions
 e - a potion of curing {unknown}
 h - a potion of mutation
 m - a potion of heal wounds {unknown}
 p - a potion of lignification {unknown}
 s - a potion of invisibility {unknown}
 t - a potion of degeneration {unknown}
 u - 2 potions of attraction {unknown}


   Skills:
 - Level 1.7 Dodging
 - Level 2.4 Stealth
 - Level 2.1 Spellcasting
 * Level 2.0 Conjurations
 - Level 1.1 Transmutations
 + Level 8.9 Earth Magic


You had 4 spell levels left.
You knew the following spells:

 Your Spells              Type           Power      Damage    Failure   Level
a - Stone Arrow           Conj/Erth      40%        3d9       6%          3
p - Passwall              Tmut/Erth      15%        N/A       3%          2
s - Sandblast             Erth           64%        2d14      1%          1

Your spell library contained the following spells:

 Spells                   Type           Power      Damage    Failure   Level
 Petrify                  Tmut/Erth      18%        N/A       24%         4


Dungeon Overview and Level Annotations

Branches:
Dungeon (4/15)
 Temple: D:4-7

Altars:
Gozag
Nemelex Xobeh
Yredelemnul

Annotations:
D:4 Pikel


Innate Abilities, Weirdness & Mutations

You cannot be hasted, slowed, berserked, paralysed or teleported.
You can dig through walls and to a lower floor.
You have a pair of large antennae on your head. (SInv)
Your four strong arms can wield two-handed weapons with a shield.
Your flesh is heat resistant. (rF+)
Your system is resistant to poisons. (rPois)


Message History

The lemure hits you.
Casting: Sandblast (safe; 1% risk of failure)
Confirm with . or Enter, or press ? or * to list all spells.
Aiming: Sandblast (safe; 1% risk of failure)
Press: ? - help, Shift-Dir - straight line, f/p - Pikel
Aim: Pikel, wielding a +2 whip of flaming and wearing a +2 robe of cold resistance (77% to hit)
The blast of sand misses the lemure.
The blast of sand hits Pikel but does no damage.
Pikel drinks a potion.
Pikel seems to grow stronger.
The lemure hits you.
You closely miss the lemure.
The lemure is moderately wounded.
Casting: Sandblast (safe; 1% risk of failure)
Confirm with . or Enter, or press ? or * to list all spells.
Aiming: Sandblast (safe; 1% risk of failure)
Press: ? - help, Shift-Dir - straight line, f/p - Pikel
Aim: Pikel, wielding a +2 whip of flaming and wearing a +2 robe of cold resistance (strong, 77% to hit)
Okay, then.
You hit Pikel.
Pikel is lightly wounded.
Casting: Sandblast (safe; 1% risk of failure)
Confirm with . or Enter, or press ? or * to list all spells.
Aiming: Sandblast (safe; 1% risk of failure)
Press: ? - help, Shift-Dir - straight line, f - lemure, p - Pikel
Aim: a lemure (moderately wounded, 77% to hit)
The blast of sand hits Pikel!
Pikel is moderately wounded.
Pikel hits you with a +2 whip of flaming!
Pikel burns you!
You feel very mighty all of a sudden.
Pikel hits you with a +2 whip of flaming!
* * * LOW HITPOINT WARNING * * *
Pikel burns you.
* * * LOW HITPOINT WARNING * * *
You aren't carrying any items that you can evoke.
Unknown command.
It was a potion of mutation.
You feel extremely strange.
You feel resistant to heat.
You feel resistant to poisons.
Pikel hits you with a +2 whip of flaming!
You die...
Your body crumbles into a pile of gold.

###### #######
#....##
#.<...###.....######
#.......>...........
#.....####.##.......
###.### #..##.......
#@# #.###..).... #K#
#.###....... #5#
###.#...###### #.#
#...#.#...# #.#
#.###.#...#
###.###.#...#...#
#.....K...###...####
#.#.###.### #.......
##.#)# #.# #{......


You could see Pikel (strong) and a lemure.

Vanquished Creatures
  An orc warrior (D:3)
  2 lemures (D:4)
  A kobold brigand (D:4)
  A water moccasin zombie (D:4)
  A scorpion zombie (D:4)
  2 orc wizards (D:4)
  Robin (D:4)
  7 adders
  A gnoll (D:2)
  A worm (D:2)
  A dart slug (D:1)
  3 orcs (D:4)
  3 bats
  3 endoplasms
  A giant cockroach (D:2)
  16 goblins
  9 hobgoblins
  3 jackals (D:4)
  2 quokkas (D:3)
  14 ball pythons
  6 frilled lizards
  5 kobolds
  4 rats
88 creatures vanquished.

Notes
Turn   | Place    | Note
-------+----------+-------------------------------------------
     0 | D:1      | VictoriousLee the Formicid Earth Elementalist began the
                  | quest for the Orb.
     0 | D:1      | Reached XP level 1. HP: 13/13 MP: 3/3
    72 | D:1      | Reached skill level 4 in Earth Magic
    72 | D:1      | Reached XP level 2. HP: 14/19 MP: 5/5
   379 | D:1      | Found a faded altar of an unknown god.
   726 | D:1      | Reached XP level 3. HP: 21/24 MP: 6/6
   735 | D:1      | Learned a level 3 spell: Stone Arrow
   738 | D:1      | Learned a level 2 spell: Passwall
  1041 | D:2      | Reached skill level 5 in Earth Magic
  1327 | D:2      | Reached XP level 4. HP: 19/30 MP: 4/7
  1764 | D:2      | Reached skill level 6 in Earth Magic
  2495 | D:3      | Reached XP level 5. HP: 34/35 MP: 6/8
  3590 | D:4      | Noticed a kobold brigand
  3609 | D:4      | Killed a kobold brigand
  3610 | D:4      | Reached skill level 7 in Earth Magic
  3873 | D:4      | Reached XP level 6. HP: 41/41 MP: 9/9
  3914 | D:4      | Noticed an orc warrior
  4012 | D:3      | Killed an orc warrior
  4013 | D:3      | Reached skill level 8 in Earth Magic
  4525 | D:4      | Noticed Pikel
  4679 | D:4      | Reached XP level 7. HP: 46/46 MP: 0/10
  4784 | D:4      | Reached skill level 1 in Conjurations
  4809 | D:4      | Noticed Robin
  4813 | D:4      | Killed Robin
  4970 | D:4      | Found a basalt altar of Yredelemnul.
  5063 | D:4      | Found an opulent altar of Gozag.
  5064 | D:4      | Found a sparkling altar of Nemelex Xobeh.
  5085 | D:4      | Became a worshipper of Gozag Ym Sagoz the Greedy
  5174 | D:4      | Gained mutation: Your flesh is heat resistant. (rF+)
                  | [potion of mutation]
  5174 | D:4      | Gained mutation: Your system is resistant to poisons.
                  | (rPois) [potion of mutation]
  5174 | D:4      | Mangled by Pikel

Illustrated notes

Levels and vault maps discovered:
D:1:      lemuel_arrival_behind_the_door_large, layout_rooms,
          nicolae_ecumenical_snake_handling
D:2:      minmay_recursive_quarters, layout_rooms
D:3:      layout_rooms, serial_co_window_serial, co_window_paths_a,
          co_window_of_opportunity_a, co_window_of_opportunity_a,
          co_window_paths_a, co_window_paths_a, co_window_paths_a,
          co_window_unsneaky_path_a, co_window_of_opportunity_b,
          co_window_cross_4, co_window_broadway_b, co_window_sun,
          glass_columns_b, glass_columns_a
D:4:      layout_rooms, nicolae_yredelemnul_corpse_copse,
          grunt_temple_overflow_opulence, uniq_robin, uniq_pikel

Skill      XL: |  1  2  3  4  5  6  7 |
---------------+----------------------+-----
Earth Magic    | 4 5 6 7 8 |  8.9
Conjurations   | 2 |  2.0
Dodging        | |  1.7
Stealth        | |  2.4
Spellcasting   | |  2.1
Transmutations | |  1.1

Action                   |  1- 3 |  4- 6 |  7- 9 || total
-------------------------+-------+-------+-------++-------
Melee: Whip              |    75 |    86 |    49 ||   210
       Punch             |     2 |       |     1 ||     3
Throw: Dart              |       |     4 |       ||     4
 Cast: Sandblast         |     4 |    19 |     6 ||    29
       Stone Arrow       |       |    12 |     5 ||    17
  Use: Potion            |       |       |     2 ||     2
 Stab: Sleeping          |     2 |     4 |       ||     6
Armor: Robe              |    10 |     6 |     7 ||    23
Dodge: Dodged            |    44 |    45 |    25 ||   114
